AoeStats
← Robock 01

Arena

510434403Analyzed
1v1 RM · 2d ago on Oct 1, 2026· 53m 8s· 2 players
Game mode
Random Map
Map size
Tiny (2 player)
Population
200
Speed
Normal
Resources
Standard
Victory
Conquest
Starting age
Dark Age
Ending age
Imperial Age
RankedLock teamsTeams togetherTeam positionsShared explorationLock speedFull tech treeHidden civsTurbo modeCheats
Victory
Defeat
🇺🇸 Burgundians · United States
611
+15
🇧🇷 Bohemians · Brazil
591
-15
Siegnir
12:19 Feudal Age
13:56 Double-Bit Axe
18:10 Castle Age
20:10 Bow Saw
22:16 Chemistry
25:16 Pikeman
31:00 Imperial Age
30:43 Horse Collar
33:09 Conscription
33:02 Heavy Plow
35:18 Halberdier
50:23 Wheelbarrow
49:58 Light Cavalry
50:39 Husbandry
50:51 Cavalier
Robock 01
6:53 Loom
11:11 Feudal Age
11:58 Double-Bit Axe
13:05 Horse Collar
18:54 Castle Age
18:34 Scale Barding Armor
18:58 Cavalier
20:19 Forging
23:04 Pikeman
24:18 Husbandry
27:08 Bow Saw
28:11 Squires
28:31 Gold Mining
33:00 Imperial Age
31:59 Iron Casting
31:15 Fletching
31:53 Murder Holes
32:09 Masonry
33:29 Bodkin Arrow
35:10 Chemistry
34:33 Guilds
35:08 Burgundian Vineyards
35:48 Paladin
37:23 Wheelbarrow
42:52 Architecture
42:44 Bombard Tower
43:34 Padded Archer Armor
43:34 Bracer
44:43 Blast Furnace
44:35 Ballistics
43:42 Elite Skirmisher
46:43 Hoardings
46:30 Conscription
47:20 Chain Barding Armor
47:18 Leather Archer Armor
Connection lost

Rejoining the realm…

Still unreachable

The connection could not be restored.

Session expired

The server has moved on; the page needs a fresh start.